 Dungeon Crawl Stone Soup version 0.14-a0-1626-g054e7ae (webtiles) character file.

1141 CrazyArbalest the Cudgeler (level 8, -2/84 HPs)
             Began as an Ogre Berserker on Dec 25, 2013.
             Was an Elder of Trog.
             Killed from afar by an orc wizard (7 damage)
             ... with a magic dart
             ... on Level 4 of the Dungeon.
             The game lasted 00:21:41 (4748 turns).

CrazyArbalest the Cudgeler (Ogre Berserker)         Turns: 4748, Time: 00:21:41

HP  -2/84        AC  3     Str 23      XL: 8   Next:  7%
MP   8/8         EV 12     Int  7      God: Trog [****..]
Gold 245         SH  0     Dex 10      Spells:  0 memorised,  7 levels left

rFire  . . .     SeeInvis .     h - +0 dwarf mace
rCold  . . .     Clarity  .     b - +0 animal skin
rNeg   . . .     Conserve .     (shield restricted)
rPois  .         rCorr    .     (helmet restricted)
rElec  .         rRot     .     (no cloak)
SustAb . .       Spirit   .     (gloves unavailable)
rMut   .         Warding  .     (boots unavailable)
Saprov + . .     Stasis   .     (no amulet)
                                (no ring)
                                (no ring)

@: somewhat resistant to hostile enchantments, unstealthy
A: unfitting armour, fast metabolism 1, saprovore 1, tough skin 1
a: Burn Spellbooks, Berserk, Trog's Hand, Brothers in Arms, Renounce Religion


You were on level 4 of the Dungeon.
You worshipped Trog.
Trog was greatly pleased with you.
You were very hungry.

You visited 1 branch of the dungeon, and saw 4 of its levels.

You collected 245 gold pieces.

Inventory:

Hand weapons
 a - a +0,+0 mace
 h - a +0,+0 dwarven mace (weapon)
Armour
 b - a +0 animal skin (worn)
Magical devices
 i - a wand of polymorph (7) {unknown}
Comestibles
 c - 5 meat rations
 k - 2 apples
 o - 2 pears
 q - 2 chokos
 z - a bread ration
 C - a beef jerky
Scrolls
 e - a scroll of random uselessness {unknown}
 j - a scroll of curse jewellery {unknown}
 m - 2 scrolls of fog {unknown}
 n - 4 scrolls of identify {unknown}
 p - a scroll of enchant armour {unknown}
 r - a scroll of fear {unknown}
 s - 4 scrolls of teleportation {unknown}
 t - 2 scrolls of magic mapping {unknown}
 w - a scroll of enchant weapon II {unknown}
 y - a scroll of amnesia {unknown}
 D - 2 scrolls of curse armour {unknown}
 E - a scroll of remove curse {unknown}
 G - a scroll of blinking {unknown}
Jewellery
 d - an uncursed ring of regeneration {unknown}
Potions
 f - a potion of brilliance
 g - 2 potions of resistance
 l - 2 potions of curing {unknown}
 u - a potion of speed {unknown}
 v - a potion of beneficial mutation {unknown}
 A - a potion of flight {unknown}


   Skills:
 + Level 6.5 Fighting
 + Level 6.7 Maces & Flails
 + Level 1.6 Throwing
 + Level 6.5 Dodging
 + Level 0.6 Stealth


You had 7 spell levels left.
You didn't know any spells.

Dungeon Overview and Level Annotations

Branches:
Dungeon (4/16)
 Temple: D:4-7

Altars:
Vehumet

Annotations:
D:4 Satan Claus


Innate Abilities, Weirdness & Mutations

You are too large for most types of armour.
You have a fast metabolism.
You can tolerate rotten meat.
You have tough skin (AC +1).


Message History

You see here a large rock.
The orc wizard closely misses you.
The orc wizard points at you and mumbles some strange words.
The magic dart hits you!
* * * LOW HITPOINT WARNING * * *
The orc wizard hits you with an orcish dagger.
* * * LOW HITPOINT WARNING * * *
The orc priest utters an invocation to Beogh.
You feel troubled.
The orc wizard hits you with an orcish dagger.
* * * LOW HITPOINT WARNING * * *
The orc wizard's eyes start to glow.
Really walk into that teleport trap?
You enter a teleport trap!
Your surroundings suddenly seem different.
You start resting.
An orc wizard appears from thin air!
It is wielding an orcish dagger.
The orc wizard casts a spell at you. The magic dart hits you!
You die...

##..............................
##.............................
##............................
##........(....o.............
##.........................#
##.......................##
##.....................##
##...................##
##.....@...........##
##...............##
##.............##
##...........## ##.........##
##.......## #########


You could see an orc wizard.

Vanquished Creatures
  The ghost of M4edhros the Ducker, an average OpGl of Zin (D:4)
  Duvessa (D:4)
  Dowan (D:4)
  4 orc priests
  A giant frog skeleton (D:4)
  2 worker ants (D:4)
  2 hounds (D:4)
  3 orc wizards
  4 gnolls (D:2)
  3 adders
  An inept item mimic (D:2)
  A giant mite (D:4)
  2 worms
  2 giant geckos
  An ooze (D:2)
  16 orcs
  7 goblins
  15 hobgoblins
  2 jackals (D:2)
  8 kobolds
  2 quokkas
  A ball python (D:4)
  10 bats
  3 giant cockroaches
  2 giant newts
  A giant spore (D:3)
  An orc skeleton (D:4)
  6 rats
  A rat skeleton (D:4)
  3 ballistomycetes (D:3)
107 creatures vanquished.

Notes
Turn   | Place    | Note
--------------------------------------------------------------
     0 | D:1      | CrazyArbalest, the Ogre Berserker, began the quest for the Orb.
     0 | D:1      | Reached XP level 1. HP: 24/24 MP: 1/1
    19 | D:1      | Noticed a shark
   298 | D:1      | Reached XP level 2. HP: 32/32 MP: 2/2
   785 | D:2      | Reached XP level 3. HP: 39/39 MP: 3/3
   797 | D:2      | Acquired Trog's second power
   942 | D:2      | Reached XP level 4. HP: 9/49 MP: 4/4
  1202 | D:2      | Reached skill level 5 in Fighting
  1870 | D:3      | Reached skill level 5 in Maces & Flails
  1870 | D:3      | Reached XP level 5. HP: 50/57 MP: 5/5
  1960 | D:3      | Found a radiant altar of Vehumet.
  2298 | D:3      | Reached XP level 6. HP: 31/66 MP: 6/6
  2363 | D:3      | Reached skill level 1 in Throwing
  2363 | D:3      | Reached skill level 5 in Dodging
  2726 | D:3      | Reached skill level 6 in Maces & Flails
  3441 | D:4      | Reached XP level 7. HP: 57/74 MP: 7/7
  3546 | D:4      | Noticed M4edhros' ghost (average OpGl)
  3551 | D:4      | Killed M4edhros' ghost
  3601 | D:4      | Noticed Duvessa
  3609 | D:4      | Noticed Dowan
  3611 | D:4      | Killed Duvessa
  3659 | D:4      | Killed Dowan
  3665 | D:4      | Acquired Trog's third power
  4274 | D:4      | Reached XP level 8. HP: 47/84 MP: 8/8
  4711 | D:4      | Noticed Satan Claus
  4733 | D:4      | HP: 2/84 [orc wizard/orcish dagger (3)]
  4748 | D:4      | Killed from afar by an orc wizard

Action                   |  1- 3 |  4- 6 |  7- 9 || total
-------------------------+-------+-------+-------++-------
Melee: Mace              |    43 |   207 |   140 ||   390
Throw: Large rock        |     6 |     9 |    14 ||    29
Invok: Berserk           |       |       |     1 ||     1
  Use: Potion            |     1 |       |     4 ||     5
